 Dungeon Crawl Stone Soup version 0.30-a0-879-ga8ba668 (webtiles) character file.

Game seed: 9935704686550404031

66 perr the Chopper (level 3, -2/28 HPs)
             Began as a Demonspawn Gladiator on Mar 13, 2023.
             Slain by a gnoll
             ... wielding a +0 whip
              (8 damage)
             ... on level 3 of the Dungeon.
             The game lasted 00:02:43 (1613 turns).

perr the Chopper (Demonspawn Gladiator)             Turns: 1613, Time: 00:02:43

Health: -2/28      AC:  6    Str: 16    XL:     3   Next: 96%
Magic:  3/3        EV: 12    Int:  9    God:
Gold:   63         SH:  0    Dex: 14    Spells: 2/2 levels left

rFire   . . .      SeeInvis .    a - +0 war axe
rCold   . . .      Faith    .    (no shield)
rNeg    . . .      Spirit   .    b - +1 leather armour
rPois   .          Reflect  .    c - +0 helmet
rElec   .          Rampage  .    (no cloak)
rCorr   .                        j - +0 pair of gloves
Will    .....                    (no boots)
Stlth   +                        (no amulet)
HPRegen 0.24/turn                (no ring)
MPRegen 0.08/turn                (no ring)

@: lethally poisoned (-2 -> -7)
A: demonic touch 1
a: no special abilities


You were on level 3 of the Dungeon.
You visited 1 branch of the dungeon, and saw 3 of its levels.

You collected 63 gold pieces.

Inventory:

Hand Weapons
 a - a +0 war axe (weapon)
Missiles
 d - 4 throwing nets (quivered)
 e - a javelin
Armour
 b - a +1 leather armour (worn)
 c - a +0 helmet (worn)
 j - a +0 pair of gloves (worn)
Potions
 h - a potion of might {unknown}
 i - 2 potions of cancellation
 k - a potion of flight {unknown}


   Skills:
 + Level 2.5 Fighting
 + Level 3.1 Axes
 + Level 2.3 Throwing
 + Level 1.1 Armour
 + Level 3.1 Dodging


You had 2 spell levels left.
You didn't know any spells.
Your spell library contained the following spells:

 Spells                   Type           Power      Damage    Failure   Level
 Tukima's Dance           Hex            0%         N/A       83%         3
 Olgreb's Toxic Radiance  Pois           0%         N/A       99%         4
 Passage of Golubria      Tloc           0%         N/A       99%         4
 Yara's Violent Unravell  Hex/Tmut       0%         3d3       100%        5
 Ozocubu's Refrigeration  Ice            0%         4d7       100%        7
 Ignition                 Fire           0%         3d3       100%        8


Dungeon Overview and Level Annotations

Branches:
Dungeon (3/15)

Altars:


Innate Abilities, Weirdness & Mutations

Your touch may inflict minor irresistible damage on your foes.


Message History

The goblin shoots a sling bullet.
The sling bullet closely misses you.
You slash the endoplasm!
You kill the endoplasm!
You hit the orc. You hit the goblin.
You kill the goblin!
You barely miss the orc. The orc hits you with a +0 mace.
The orc hits you with a +0 flail.
You hit the orc.
The orc is severely wounded.
You hit the orc but do no damage. The orc hits you with a +0 mace.
The orc hits you with a +0 flail.
The goblin shoots a sling bullet.
The sling bullet hits you but does no damage.
The adder bites you. The orc hits you with a +0 flail.
The orc barely misses you.
A gnoll comes into view. It is wielding a +0 whip.
You are too injured to fight recklessly!
You feel better. The adder bites you.
The goblin shoots a sling bullet.
The sling bullet hits you but does no damage.
The orc hits you with a +0 mace. The adder barely misses you.
The orc barely misses you. The gnoll barely misses you.
The gnoll shouts!
You feel better.
The goblin shoots a sling bullet.
The sling bullet hits you. The adder barely misses you.
The gnoll hits you with a +0 whip. The orc barely misses you.
The orc hits you with a +0 flail.
You feel better.
The goblin shoots a sling bullet.
The sling bullet hits you. The adder barely misses you.
The orc hits you but does no damage. The gnoll closely misses you.
The orc hits you with a +0 flail.
You slash the orc!
You kill the orc!
You barely miss the adder. You hit the gnoll. You hit the orc but do no damage.
The adder bites you.
You are poisoned.
The adder poisons you!
The goblin shoots a sling bullet.
The sling bullet hits you but does no damage.
The gnoll hits you with a +0 whip!
* * * LOW HITPOINT WARNING * * *
The adder closely misses you. The orc hits you but does no damage.
The goblin shoots a sling bullet.
The sling bullet misses you. The gnoll attacks as you move away!
The gnoll hits you with a +0 whip!
You die...

##### # .... #.
... #.# ..#
#?####..#
..##.....g.#####
##......#g......
.......S@o..#
##......)g......
#......g!#.####
#.............
..##...##.#..##
# #### .#..# .#
.# .# .#


You could see 3 gnolls, an adder, an orc and a goblin.

Vanquished Creatures
  2 adders (D:2)
  3 orcs (D:3)
  2 bats (D:1)
  3 endoplasms
  6 giant cockroaches
  4 goblins
  4 hobgoblins
  3 kobolds (D:1)
  A quokka (D:2)
  7 ball pythons
  2 frilled lizards
  4 rats
41 creatures vanquished.

Notes
Turn   | Place    | Note
-------+----------+-------------------------------------------
     0 | D:1      | perr the Demonspawn Gladiator began the quest for the Orb.
     0 | D:1      | Reached XP level 1. HP: 16/16 MP: 1/1
   300 | D:1      | Gained mutation: Your touch may inflict minor irresistible
                  | damage on your foes. [demonic ancestry]
   300 | D:1      | Reached XP level 2. HP: 22/22 MP: 2/2
   947 | D:2      | Reached XP level 3. HP: 25/28 MP: 3/3
  1138 | D:2      | Reached skill level 1 in Armour
  1613 | D:3      | Slain by a gnoll

Illustrated notes

Levels and vault maps discovered:
D:1:      dpeg_arrival_circle_labyrinth_c, layout_basic
D:2:      layout_basic
D:3:      layout_loops_ring

Skill      XL: |  1  2  3 |
---------------+----------+-----
Throwing       | 2 |  2.3
Axes           | 3 |  3.1
Dodging        | 3 |  3.1
Armour         | 1 |  1.1
Fighting       | |  2.5

Action                     || total
---------------------------++-------
  Melee: War axe           ||    93
         Touch             ||     7
    Use: Scroll            ||     8
         Potion            ||     3
   Stab: Sleeping          ||     2
 Armour: Leather armour    ||    45
  Dodge: Dodged            ||    88

Table legend: (Time is in decaauts)
 A = Elapsed time spent in this place.
 B = Non-inter-level travel time spent in this place.
 C = Inter-level travel time spent in this place.
 D = Time resting spent in this place.
 E = Time spent auto-exploring this place.
 F = Levels seen in this place.
 G = Mean time per level.
                   A        B        C        D        E       F      G
               +--------+--------+--------+--------+--------+-----+--------+
         Total |   1646 |   1531 |    115 |     48 |   1207 |   3 |  548.7 |
       Dungeon |   1646 |   1531 |    115 |     48 |   1207 |   3 |  548.7 |
               +--------+--------+--------+--------+--------+-----+--------+

Top non-repeatable levels by time:
     D:1: 896 daAuts
     D:2: 736 daAuts
     D:3: 13 daAuts
